Map: Pillars of Gold LE

Players

ByuN

  • Race: Terran Terran
  • Spawn Location: 7:00

DRG - Winner!

  • Race: Zerg Zerg
  • Spawn Location: 1:00

Event: IEM Katowice 2021

VOD

Have the link to the VOD?

Description

Time

  • Played on: Feb. 20, 2021, 12:22 p.m.
  • Length: 13:30

All games in this series

Show
View Real Time Build Order
Export as new Build Order

ByuN Terran 

Build Orders: Reaper Expand 

Get SALT Encoding   

  12  0:00  SCV  
  13  0:12  SCV  
  14  0:17  Supply Depot  
  14  0:24  SCV  
  15  0:38  SCV  
  15  0:40  Barracks  
  16  0:45  Refinery  
  16  0:51  SCV  
  17  1:03  SCV  
  18  1:15  SCV  
  19  1:27  Reaper, Orbital Command  
  20  1:42  Command Center  
  20  1:53  SCV  
  21  1:55  Supply Depot  
  21  1:59  Marine  
  22  2:05  SCV  
  23  2:09  Factory  
  23  2:18  SCV  
  23  2:21  Barracks Reactor  
  24  2:30  SCV  
  25  2:43  SCV  
  26  2:45  Command Center  
  26  2:55  SCV, Orbital Command  
  29  3:06  Hellion  
  29  3:07  Hellion, SCV  
  32  3:13  Barracks Tech Lab  
  32  3:19  SCV  
  33  3:21  SCV  
  33  3:25  Refinery  
  34  3:28  Hellion x2  
  34  3:31  SCV  
  34  3:33  SCV, Marine  
  41  3:36  Stimpack  
  41  3:44  SCV  
  41  3:45  SCV  
  43  3:52  Marine  
  44  3:58  Barracks  
  44  3:59  SCV, Barracks  
  44  4:00  SCV, Factory Reactor  
  44  4:02  Orbital Command  
  46  4:09  Marine  
  46  4:12  SCV x2  
  49  4:23  Engineering Bay  
  49  4:24  SCV x2  
  51  4:27  Marine  
  51  4:28  Engineering Bay  
  52  4:31  Supply Depot  
  52  4:34  SCV  
  52  4:36  SCV x2  
  55  4:39  Refinery  
  55  4:40  Refinery  
  55  4:45  Marine  
  55  4:46  SCV  
  55  4:48  SCV x2  
  55  4:49  Starport  
  55  4:50  Factory Reactor  
  59  4:52  Marine  
  59  4:53  Marine x2  
  59  4:59  Terran Infantry Armor Level 1, Terran Infantry Weapons Level 1  
  62  5:02  Supply Depot  
  62  5:03  SCV, Marine  
  62  5:04  SCV  
  65  5:09  Orbital Command  
  65  5:10  Marine x3  
  65  5:11  Marine  
  65  5:12  Supply Depot  
  69  5:19  Supply Depot  
  69  5:22  Combat Shield  
  69  5:23  Marine  
  69  5:25  SCV x2  
  72  5:29  Marine x4  
  72  5:32  Factory Reactor  
  72  5:34  Supply Depot  
  76  5:37  Medivac x2  
  76  5:38  SCV  
  76  5:39  SCV  
  76  5:41  SCV  
  83  5:45  Supply Depot  
  83  5:50  Marine x3  
  83  5:51  SCV x2  
  83  5:52  Marine  
  83  5:53  SCV  
  83  5:54  Marine  
  91  6:01  Barracks  
  91  6:03  SCV x2, Barracks  
  93  6:05  SCV  
  93  6:10  Supply Depot  
  93  6:11  Supply Depot  
  94  6:12  Medivac  
  94  6:13  Medivac  
  94  6:17  Widow Mine x2  
  102  6:18  SCV  
  102  6:20  SCV  
  102  6:21  SCV  
  102  6:25  Armory  
  105  6:26  Marine x2  
  105  6:32  Marine x2  
  106  6:34  SCV x3  
  106  6:39  Supply Depot x2  
  109  6:42  Widow Mine x2  
  109  6:44  Marine x3  
  116  6:50  Marine x2  
  116  6:51  SCV, Factory  
  116  6:52  SCV  
  115  7:02  Marine x3  
  115  7:04  Widow Mine x2, SCV x2  
  115  7:06  SCV  
  125  7:11  Refinery  
  120  7:16  Supply Depot  
  120  7:17  Marine, Barracks Reactor  
  120  7:18  Barracks Reactor  
  120  7:19  Marine  
  120  7:20  Marine x2  
  124  7:25  Widow Mine  
  124  7:27  Command Center  
  124  7:28  Terran Infantry Weapons Level 2  
  126  7:31  Terran Infantry Armor Level 2  
  126  7:35  Factory Tech Lab  
  126  7:38  Marine x4  
  126  7:41  Widow Mine  
  126  7:42  Medivac  
  129  7:46  Widow Mine  
  129  7:52  Medivac, Marine  
  129  7:55  Marine  
  129  7:56  Marine  
  129  7:57  SCV x3  
  137  8:02  Widow Mine  
  137  8:03  Widow Mine  
  139  8:08  Widow Mine  
  139  8:09  SCV x2, Marine x3  
  139  8:12  Medivac  
  142  8:14  SCV  
  135  8:21  SCV x2, Sensor Tower  
  135  8:24  Widow Mine x2  
  135  8:25  Marine x3  
  135  8:26  Marine x2  
  148  8:27  Marauder  
  148  8:32  Widow Mine  
  146  8:37  Marine x2  
  146  8:40  Marine  
  131  8:43  Medivac x2, Marine x2  
  131  8:45  Widow Mine, Marine x2  
  131  8:46  Marine  
  131  8:48  Marine  
  125  8:53  Widow Mine  
  125  8:55  Marine  
  121  8:57  Marine  
  121  8:59  Marine  
  121  9:00  Orbital Command  
  121  9:01  Marine x2  
  109  9:03  Marine  
  109  9:06  Widow Mine  
  112  9:14  Marine  
  112  9:15  Widow Mine  
  112  9:16  Marine  
  113  9:17  Marine x2  
  113  9:18  Marine x2  
  113  9:21  Marine x2  
  116  9:24  SCV x2  
  116  9:25  Factory Tech Lab  
  116  9:26  Planetary Fortress  
  116  9:27  SCV  
  116  9:28  Widow Mine  
  121  9:33  Marine x2  
  121  9:34  Marine  
  124  9:44  SCV, Marauder, Marine x3, Widow Mine  
  132  9:50  Orbital Command  
  132  9:53  Marine x2  
  132  9:55  Marine  
  132  9:56  SCV  
  132  9:58  SCV, Marine  
  132  9:59  Medivac  
  132  10:02  Marine  
  132  10:03  Medivac, Marine x2  
  132  10:04  Widow Mine  
  132  10:06  Widow Mine  
  122  10:08  Marine  
  122  10:09  Marine  
  122  10:11  Marine  
  113  10:14  SCV x2  
  113  10:15  SCV  
  113  10:16  SCV  
  113  10:19  Marine x2  
  118  10:22  Marine  
  118  10:23  Marine  
  118  10:25  Widow Mine, Marine x2  
  118  10:26  SCV x2  
  118  10:27  Marauder  
  118  10:28  SCV  
  129  10:29  Medivac  
  129  10:32  Supply Depot  
  129  10:33  Supply Depot x2  
  131  10:38  Marine  
  131  10:42  Concussive Shells  
  132  10:51  Terran Infantry Weapons Level 3, Marine, Terran Infantry Armor Level 3  
  132  10:52  Marauder  
  132  10:53  Medivac  
  132  10:54  Widow Mine x2  
  132  10:56  Supply Depot  
  135  10:58  Supply Depot  
  135  10:59  SCV x2  
  137  11:06  Marine x2  
  139  11:14  Sensor Tower  
  139  11:16  Widow Mine x2  
  140  11:19  Marine x3  
  140  11:20  Marauder, Marine x2  
  140  11:21  SCV x2  
  140  11:25  SCV  
  150  11:27  Barracks x2  
  150  11:28  Barracks  
  143  11:33  SCV x2  
  143  11:36  Liberator  
  143  11:37  SCV, Liberator, Widow Mine x2  
  154  11:43  Marine x6  
  154  11:44  Marine x3  
  154  11:45  SCV  
  164  11:47  Factory  
  164  11:59  Widow Mine x2  
  167  12:03  Command Center  
  167  12:04  Sensor Tower  
  167  12:05  Marine  
  153  12:17  SCV x2  
  153  12:20  SCV, Widow Mine x2  
  153  12:28  Command Center  
  153  12:29  SCV x2, Marine x5  
  153  12:32  SCV  
  153  12:36  Marine  
  157  12:42  Supply Depot x3  
  157  12:43  SCV x2, Marine x2, Widow Mine  
  157  12:44  Barracks Tech Lab x2  
  163  12:45  Barracks Tech Lab  
  154  13:00  Widow Mine, Marine x2  
  154  13:05  Marine  
  145  13:07  Widow Mine  
Show
View Real Time Build Order
Export as new Build Order

DRG Zerg - Winner!

Build Orders: Hatch First 

Get SALT Encoding   

  12  0:00  Drone  
  13  0:12  Overlord  
  13  0:16  Drone  
  14  0:30  Drone x2  
  16  0:49  Hatchery  
  15  0:53  Drone  
  15  0:56  Drone  
  17  1:00  Drone  
  18  1:15  Spawning Pool  
  18  1:17  Extractor  
  16  1:19  Drone  
  16  1:23  Drone  
  18  1:28  Drone  
  19  1:39  Drone  
  20  1:49  Drone  
  21  2:02  Zergling x4, Queen x2  
  27  2:13  Drone  
  27  2:14  Overlord  
  28  2:29  Hatchery  
  27  2:32  Drone x2  
  27  2:35  Drone  
  29  2:38  Drone  
  30  2:45  Queen  
  30  2:51  Overlord  
  32  2:54  Drone  
  32  2:57  Drone  
  34  2:58  Drone  
  34  3:03  Metabolic Boost  
  35  3:10  Drone x3  
  38  3:14  Drone  
  38  3:15  Drone  
  38  3:17  Drone  
  41  3:20  Drone  
  41  3:25  Queen  
  44  3:29  Overlord  
  44  3:39  Overlord  
  44  3:43  Queen  
  44  3:44  Drone x2  
  44  3:46  Drone x2  
  50  3:49  Drone  
  50  3:52  Zergling x2  
  50  3:53  Drone x2  
  54  3:56  Drone  
  54  4:00  Drone  
  54  4:01  Queen  
  58  4:04  Overlord  
  58  4:09  Drone  
  59  4:11  Drone x2  
  59  4:15  Overlord  
  59  4:17  Drone  
  62  4:18  Zergling x2  
  62  4:19  Overlord  
  62  4:21  Drone x2  
  65  4:25  Queen  
  65  4:29  Drone  
  68  4:31  Drone x3  
  68  4:35  Drone x3  
  68  4:36  Drone  
  68  4:37  Drone  
  76  4:41  Drone x3  
  76  4:44  Zergling x2, Baneling Nest  
  79  4:50  Zergling x4  
  79  4:51  Lair  
  79  4:52  Drone  
  82  4:53  Extractor  
  82  4:54  Spore Crawler  
  82  4:56  Spore Crawler  
  82  4:58  Zergling x4  
  81  5:01  Drone x2  
  81  5:03  Queen  
  85  5:12  Hatchery  
  85  5:13  Drone x3  
  88  5:14  Drone  
  88  5:19  Evolution Chamber, Drone  
  88  5:20  Drone  
  88  5:22  Evolution Chamber, Drone  
  88  5:23  Overlord  
  88  5:25  Overlord  
  88  5:27  Overlord  
  88  5:30  Overlord  
  88  5:35  Drone  
  88  5:36  Overlord  
  89  5:43  Extractor  
  89  5:46  Zerg Melee Weapons Level 1  
  89  5:47  Zerg Ground Armor Level 1, Spore Crawler  
  89  5:49  Drone x8  
  95  5:52  Zergling x6  
  95  5:54  Zergling x4  
  100  6:04  Zergling x10  
  105  6:05  Baneling x5  
  105  6:13  Zergling x8  
  109  6:18  Drone x4  
  109  6:20  Overlord  
  109  6:22  Zergling x6  
  109  6:23  Overseer  
  109  6:24  Hatchery  
  115  6:26  Queen  
  115  6:34  Centrifical Hooks  
  115  6:36  Drone x2  
  115  6:37  Drone x3  
  115  6:38  Extractor, Baneling  
  119  6:42  Zergling x6  
  119  6:44  Overlord  
  123  6:47  Drone  
  123  6:49  Zergling x6  
  123  6:54  Zergling x8  
  130  6:59  Zergling x2  
  130  7:00  Zergling x8  
  131  7:01  Overlord  
  131  7:03  Zergling x2  
  132  7:10  Zergling x8  
  132  7:12  Baneling x7  
  136  7:17  Zergling x6, Pneumatized Carapace  
  136  7:19  Drone  
  136  7:21  Extractor  
  136  7:22  Overseer  
  139  7:24  Zergling x2  
  139  7:25  Zergling x2  
  139  7:27  Overlord  
  141  7:30  Baneling x2  
  141  7:31  Zergling x2  
  141  7:33  Zergling x2  
  141  7:34  Hatchery  
  141  7:36  Drone x3  
  144  7:39  Zergling x2  
  144  7:40  Zergling x4  
  144  7:43  Zergling x6  
  149  7:50  Zergling x10  
  151  7:51  Spore Crawler  
  151  7:52  Overseer  
  151  7:54  Zergling x8  
  151  7:56  Overseer  
  145  8:00  Zergling x8  
  145  8:04  Zergling x2  
  142  8:09  Zergling x8  
  142  8:11  Zerg Ground Armor Level 2, Zerg Melee Weapons Level 2, Queen  
  143  8:14  Zergling x6  
  143  8:16  Zergling x2  
  143  8:18  Baneling x6  
  143  8:19  Zergling x6  
  149  8:25  Overlord x2  
  147  8:29  Zergling x2  
  147  8:30  Zergling x4  
  147  8:34  Baneling x6  
  135  8:41  Zergling x14  
  135  8:42  Zergling x8  
  135  8:46  Zergling x2  
  135  8:47  Zergling x8  
  143  8:53  Zergling x6  
  145  8:58  Hatchery, Extractor  
  145  9:00  Hydralisk Den, Drone  
  145  9:01  Drone x2  
  140  9:03  Infestation Pit  
  140  9:05  Drone x2  
  140  9:06  Drone  
  140  9:08  Drone x3, Queen  
  140  9:09  Overseer  
  146  9:10  Overlord  
  146  9:11  Zergling x4  
  146  9:15  Zergling x6  
  148  9:19  Zergling x4  
  148  9:21  Zergling x2  
  149  9:24  Drone x3  
  149  9:26  Spore Crawler  
  149  9:29  Baneling x15  
  149  9:31  Zergling x22  
  162  9:36  Grooved Spines  
  162  9:39  Zergling x10  
  162  9:40  Hatchery  
  162  9:43  Drone x7  
  173  9:45  Extractor  
  173  9:46  Overlord  
  173  9:47  Baneling x6  
  153  10:02  Zergling x22  
  146  10:07  Zergling x2  
  146  10:08  Zergling x12  
  146  10:09  Zergling x8  
  146  10:13  Overseer x2  
  142  10:14  Zergling x4  
  142  10:16  Zergling x6  
  145  10:23  Zergling x12  
  145  10:25  Baneling x15  
  145  10:27  Hive  
  151  10:28  Drone  
  151  10:29  Drone x3  
  151  10:31  Baneling x4  
  151  10:35  Baneling x4  
  155  10:38  Drone  
  155  10:39  Drone x6  
  155  10:40  Zergling x4  
  164  10:44  Zerg Missile Weapons Level 1  
  164  10:46  Zergling x8  
  164  10:47  Zergling x4  
  162  10:54  Zergling x20  
  169  10:59  Hydralisk x3  
  169  11:04  Drone x3  
  177  11:06  Overseer  
  177  11:08  Hydralisk x3  
  177  11:09  Spore Crawler  
  181  11:13  Overlord  
  181  11:18  Zergling x20  
  183  11:20  Queen  
  183  11:22  Baneling x4  
  183  11:23  Zergling x4  
  183  11:24  Overseer  
  187  11:28  Zergling x14  
  191  11:35  Zergling x20  
  191  11:38  Baneling x7  
  198  11:41  Baneling x10  
  198  11:45  Adrenal Glands  
  198  11:50  Zergling x2  
  198  11:54  Drone  
  198  11:55  Drone x2  
  198  12:01  Baneling x12  
  197  12:11  Zergling x6  
  193  12:21  Zergling x10  
  193  12:22  Zergling x28  
  192  12:23  Zergling x20  
  192  12:29  Baneling x7  
  186  12:30  Zergling x12  
  186  12:31  Overlord  
  186  12:32  Overlord  
  186  12:35  Overseer x2  
  192  12:37  Baneling x11  
  192  12:38  Overlord  
  192  12:44  Overlord x3, Baneling x5  
  192  12:49  Baneling x4  
  181  12:59  Zergling x22  
  181  13:00  Zergling x8  
  181  13:01  Zergling x16  
  181  13:05  Zergling x12  
  199  13:10  Zergling x2  

Tags
 
Add a new tag
Caveats
  • Supply blocks, unpowered buildings, or Contaminate may cause inaccurate times.
  • Supply counts are checked every 10 seconds.